 Dungeon Crawl Stone Soup version 0.19.5 (webtiles) character file.

114 MudBrick2 the Grave Robber (level 4, -1/30 HPs)
             Began as a Mummy Necromancer on Apr 11, 2017.
             Slain by a gnoll
             ... wielding a cursed -2 halberd
              (5 damage)
             ... on level 3 of the Dungeon.
             The game lasted 00:30:59 (2444 turns).

MudBrick2 the Grave Robber (Mummy Necromancer)      Turns: 2444, Time: 00:30:59

Health: -1/30      AC:  4    Str: 11    XL:     4   Next: 67%
Magic:  1/9        EV:  6    Int: 15    God:
Gold:   94         SH:  0    Dex: 12    Spells: 3 memorised, 5 levels left

rFire  x . .     SeeInvis .     d - +0 short sword
rCold  + . .     Gourm    .     a - +0 robe
rNeg   + + +     Faith    .     (no shield)
rPois  ∞         Spirit   .     (no helmet)
rElec  .         Reflect  .     e - -1 cloak (curse)
rCorr  .         Harm     .     (no gloves)
MR     .....                    (no boots)
Stlth  ++........               (no amulet)
                                (no ring)
                                g - +2 ring of protection

@: held
A: no food or potions, fire vulnerability, cold resistance 1, negative energy
resistance 3, torment resistance, unbreathing
a: no special abilities


You were on level 3 of the Dungeon.
You were not hungry.

You visited 1 branch of the dungeon, and saw 3 of its levels.

You collected 94 gold pieces.

Inventory:

Hand Weapons
 d - a +0 short sword (weapon)
Armour
 a - a +0 robe (worn)
 e - a cursed -1 cloak (worn)
Jewellery
 g - a +2 ring of protection (left hand)
Scrolls
 c - 2 scrolls of blinking {unknown}
 f - a scroll of fear {unknown}
 h - 2 scrolls of identify {unknown}
 i - a scroll of immolation {unknown}
 j - a scroll of remove curse {unknown}
 k - a scroll of amnesia {unknown}
 l - a scroll of fog {unknown}
Books
 b - a book of Necromancy

   Spells                             Type                      Level
   a - Pain                           Necromancy                   1
   b - Animate Skeleton               Necromancy                   1
   c - Vampiric Draining              Necromancy                   3
   d - Regeneration                   Charms/Necromancy            3
   e - Animate Dead                   Necromancy                   4
   f - Control Undead                 Necromancy                   4


   Skills:
 + Level 0.2 Fighting
 - Level 1.5 Dodging
 + Level 1.5 Stealth
 * Level 3.6 Spellcasting
 * Level 5.0 Necromancy


You had 5 spell levels left.
You knew the following spells:

 Your Spells              Type           Power        Failure   Level  Hunger
a - Pain                  Necr           ###.         2%          1    N/A
b - Animate Skeleton      Necr           N/A          2%          1    N/A
c - Vampiric Draining     Necr           ###.......   10%         3    N/A

Dungeon Overview and Level Annotations

Branches:
Dungeon (3/15)

Altars:
Dithmenos

Annotations:
D:3 sheala's ghost, amateur DEEE


Innate Abilities, Weirdness & Mutations

You do not eat or drink.
Your flesh is vulnerable to fire.
You are immune to poison.
Your flesh is cold resistant. (rC+)
You are immune to negative energy. (rN+++)
You are immune to unholy pain and torment.
You can survive without breathing.


Message History

Press: ? - help, Shift-Dir - straight line, f/p - gnoll
Aim: a gnoll, wielding an enchanted halberd (moderately wounded, chance to defeat MR: 82%)
The gnoll writhes in agony!
The gnoll hits you from afar with an enchanted halberd.
The gnoll hits you from afar with a halberd!
* * * LOW HITPOINT WARNING * * *
You tear a large gash into the net.
The gnoll hits you from afar with an enchanted halberd.
* * * LOW HITPOINT WARNING * * *
A gnoll and a kobold come into view.
Casting: Pain
Confirm with . or Enter, or press ? or * to list all spells.
Aiming: Pain
Press: ? - help, Shift-Dir - straight line, f/p - gnoll
Aim: a gnoll, wielding an enchanted halberd (severely wounded, chance to defeat MR: 82%)
The gnoll writhes in agony!
The gnoll shouts!
The kobold shouts!
The gnoll barely misses you.
The gnoll hits you from afar with an enchanted halberd.
You die...

##.
###..#..# #.
##...## #.
#.### #. #.#
# #.# ...
#.# gK..#
#.#
#..g#####.##
#g†@ZZ..##
###########
###.....
#.#### .# .#
.#


You could see 3 gnolls, a kobold, a friendly bat skeleton and a friendly jackal
skeleton.

Vanquished Creatures
  A gnoll (D:1)
  3 adders
  An ooze (D:1)
  A dart slug (D:2)
  3 leopard geckos
  4 bats
  6 giant cockroaches
  4 goblins
  7 hobgoblins
  4 jackals
  3 ball pythons
  3 frilled lizards
  9 kobolds
  4 rats
53 creatures vanquished.

Vanquished Creatures (collateral kills)
  An adder (D:2)
  A worm (D:2)
  A bat (D:1)
  A goblin (D:1)
  3 jackals (D:2)
  A frilled lizard (D:2)
8 creatures vanquished.

Grand Total: 61 creatures vanquished

Notes
Turn   | Place    | Note
-------+----------+-------------------------------------------
     0 | D:1      | MudBrick2 the Mummy Necromancer began the quest for the Orb.
     0 | D:1      | Reached XP level 1. HP: 13/13 MP: 3/3
     2 | D:1      | Learned a level 1 spell: Animate Skeleton
   289 | D:1      | Reached XP level 2. HP: 19/19 MP: 1/5
   715 | D:1      | Reached XP level 3. HP: 24/24 MP: 0/7
  1237 | D:1      | Learned a level 3 spell: Vampiric Draining
  1287 | D:2      | Found a shadowy altar of Dithmenos.
  1507 | D:2      | Reached XP level 4. HP: 30/30 MP: 2/8
  1950 | D:3      | Noticed sheala's ghost (amateur DEEE)
  2439 | D:3      | Reached skill level 5 in Necromancy
  2444 | D:3      | Slain by a gnoll

Skill      XL: |  1  2  3  4 |
---------------+-------------+-----
Spellcasting   | 3 |  3.6
Necromancy     | 5 |  5.0
Fighting       | |  0.2
Dodging        | |  1.5
Stealth        | |  1.5

Action                   |  1- 3 |  4- 6 || total
-------------------------+-------+-------++-------
Melee: Short sword       |    11 |     6 ||    17
 Cast: Pain              |    56 |    58 ||   114
       Animate Skeleton  |    15 |    10 ||    25
Armor: Robe              |     8 |     6 ||    14
Dodge: Dodged            |    36 |    14 ||    50
